 Dungeon Crawl Stone Soup version 0.24.1-14-gf8d2b509d9 (console) character file.

Game seed: 13591557743899271964, levelgen mode: deterministic

19894 Kagalorn the Cleaver (level 12, -1/106 HPs)
             Began as a Minotaur Wanderer on Sept 21, 2021.
             Was a High Priest of the Shining One.
             Slain by an elephant (7 damage)
             ... on level 3 of the Lair of Beasts.
             The game lasted 00:22:42 (12509 turns).

Kagalorn the Cleaver (Minotaur Wanderer)           Turns: 12509, Time: 00:22:43

Health: -1/106     AC: 13    Str: 23    XL:     12   Next: 40%
Magic:  17/17      EV: 15    Int: 11    God:    the Shining One [*****.]
Gold:   943        SH:  0    Dex: 11    Spells: 11/11 levels left

rFire    . . .     SeeInvis .   a - +1 battleaxe (freeze)
rCold    . . .     Gourm    .   (shield currently unavailable)
rNeg     + + .     Faith    .   j - +2 scale mail
rPois    +         Spirit   .   (helmet restricted)
rElec    .         Reflect  .   m - +1 cloak
rCorr    .         Harm     .   (no gloves)
MR       .....                  (no boots)
Stlth    ..........             (no amulet)
HPRegen  0.27/turn              q - +4 ring of dexterity
MPRegen  0.15/turn              F - ring of poison resistance

@: glowing
A: retaliatory headbutt, horns 2
a: Divine Shield, Cleansing Flame, Summon Divine Warrior, Renounce Religion


You were on level 3 of the Lair of Beasts.
You worshipped the Shining One.
The Shining One was extremely pleased with you.
You were not hungry.

You visited 3 branches of the dungeon, and saw 16 of its levels.
You also visited: Ossuary.

You collected 943 gold pieces.

Inventory:

Hand Weapons
 a - a +1 battleaxe of freezing (weapon)
 b - a +4 whip of flaming
 w - a +1 broad axe
Missiles
 h - 5 boomerangs (quivered)
 l - 4 javelins
Armour
 j - a +2 scale mail (worn)
 m - a +1 cloak (worn)
Jewellery
 q - a +4 ring of dexterity (left hand)
 F - a ring of poison resistance (right hand)
Wands
 A - a wand of flame (27)
 E - a wand of digging (5)
Scrolls
 c - 8 scrolls of teleportation
 f - 2 scrolls of enchant weapon
 g - a scroll of fog
 i - a scroll of enchant armour
 k - 10 scrolls of remove curse
 u - a scroll of magic mapping
Potions
 e - 2 potions of flight {unknown}
 n - a potion of resistance {unknown}
 o - 8 potions of heal wounds {unknown}
 p - 5 potions of lignification
 r - 2 potions of might
 s - 5 potions of magic
 t - 7 potions of curing
 v - 2 potions of haste
 B - a potion of cancellation
 C - a potion of agility
 G - a potion of mutation
Comestibles
 d - 26 rations


   Skills:
 - Level 10.0 Fighting
   Level 1.2 Long Blades
 * Level 14.2 Axes
   Level 1.1 Bows
 - Level 2.0 Throwing
 - Level 10.0 Armour
 - Level 10.0 Dodging
 + Level 8.8 Invocations


You had 11 spell levels left.
You didn't know any spells.
Your spell library contained the following spells:

 Spells                   Type           Power        Failure   Level  Hunger
 Animate Skeleton         Necr           N/A          58%         1    ##.....
 Magic Dart               Conj           #...         58%         1    ##.....
 Pain                     Necr           #...         58%         1    ##.....
 Summon Small Mammal      Summ           #...         58%         1    ##.....
 Blink                    Tloc           N/A          75%         2    ###....
 Call Imp                 Summ           #.......     75%         2    ###....
 Slow                     Hex            #.......     75%         2    ###....
 Call Canine Familiar     Summ           #.......     92%         3    ####...
 Conjure Flame            Conj/Fire      #.......     92%         3    ####...
 Mephitic Cloud           Conj/Pois/Air  #.......     92%         3    ####...
 Regeneration             Chrm/Necr      #.........   92%         3    ####...
 Summon Guardian Golem    Hex/Summ       #.......     92%         3    ####...
 Vampiric Draining        Necr           #.........   92%         3    ####...
 Animate Dead             Necr           N/A          100%        4    #####..
 Summon Ice Beast         Ice/Summ       #.......     100%        4    #####..
 Summon Lightning Spire   Summ/Air       #.......     100%        4    #####..


Dungeon Overview and Level Annotations

Branches:
Dungeon (12/15)            Temple (1/1) D:4            Lair (3/6) D:11
  Swamp (0/4) Lair:2          Orc (0/2) D:9         Ossuary (visited)
  Snake: Lair:2-4    Spider: Lair:2-4

Altars:
Ashenzari
Cheibriados
Dithmenos
Elyvilon
Fedhas
Gozag
Hepliaklqana
Kikubaaqudgha
Makhleb
Nemelex Xobeh
Okawaru
Qazlal
Ru
Sif Muna
Trog
Uskayaw
Vehumet
Wu Jian
Xom
Yredelemnul
Zin
The Shining One

Annotations:
D:12 Azrael
Lair:1 exclusion: 4 oklob plants


Innate Abilities, Weirdness & Mutations

You reflexively headbutt those who attack you in melee.
You have a pair of horns on your head.


Message History

You slash the elephant! You freeze the elephant!
The elephant is almost dead.
You slash the elephant! You freeze the elephant.
You hit the elephant but do no damage.
The elephant tramples you but does no damage.
The elephant trunk-slaps you but does no damage.
The elephant tramples you!
* * * LOW HITPOINT WARNING * * *
You hold your ground!
The elephant barely misses you. The elephant misses you.
You furiously retaliate!
You headbutt the elephant, but do no damage.
The elephant closely misses you.
Unknown command.
You slice the elephant!! You freeze the elephant.
You kill the elephant!
You slash the elephant! You freeze the elephant.
You hit the elephant but do no damage. The elephant barely misses you.
The elephant trunk-slaps you but does no damage.
The elephant tramples you!
You die...

..#...........$.
..................
...................
...................
...................
...................
...................
#..Y.Y..........
#.##@†#.........
####.........
##<......#
#.......# #.......#
......... .........
#.........
##........


You could see 2 elephants.

Vanquished Creatures
  Harold (D:8)
  2 hydras
  A centaur warrior (D:11)
  An unseen horror (D:12)
  An ugly thing (D:12)
  A cyclops (D:12)
  Joseph (D:8)
  4 elephants (Lair:3)
  A spiny frog (Lair:1)
  A centaur skeleton (D:11)
  A rime drake (Lair:1)
  4 komodo dragons
  A troll (D:11)
  A polar bear (D:9)
  Prince Ribbit (D:8)
  A bog body (Lair:2)
  Grinder (D:3)
  4 hippogriffs
  11 yaks
  2 basilisks
  2 wyverns
  5 hungry ghosts
  An acid dragon (D:11)
  4 water moccasins
  2 porcupines (Lair:1)
  3 orc warriors
  2 black bears
  2 phantoms
  7 ice beasts
  4 sky beasts
  7 ogres
  10 wolves
  2 crocodiles (Lair:2)
  6 centaurs (D:11)
  3 big kobolds
  13 bullfrogs
  A scorpion (D:9)
  A wyvern skeleton (D:11)
  A jelly (D:9)
  4 killer bees (D:7)
  6 howler monkeys
  10 wights
  2 electric eels
  4 crimson imps
  2 bullfrog zombies
  A quasit (D:8)
  6 orc priests
  4 hounds
  Jessica (D:2)
  3 iguanas
  4 orc wizards
  7 worker ants
  2 hell rats (D:7)
  A bullfrog simulacrum (D:9)
  A hound zombie (D:7)
  2 hound skeletons (D:11)
  3 mummies (Ossuary)
  A howler monkey skeleton (D:7)
  9 river rats (D:7)
  9 adders
  6 shadow imps
  4 white imps (D:9)
  2 adder zombies
  2 adder skeletons
  3 worms
  3 dart slugs
  2 leopard geckos
  46 orcs
  10 bats
  10 giant cockroaches
  10 goblins
  6 hobgoblins
  14 jackals
  10 quokkas
  2 ball pythons
  6 frilled lizards
  2 gnoll zombies (Ossuary)
  4 goblin zombies (Ossuary)
  4 hobgoblin zombies (Ossuary)
  A jackal skeleton (D:4)
  A jackal zombie (D:7)
  19 kobolds
  2 kobold zombies (Ossuary)
  An orc zombie (Ossuary)
  A quokka simulacrum (D:9)
  A quokka skeleton (D:8)
  5 quokka zombies
  25 rats
  A fungus (Lair:2)
  A plant (Lair:2)
403 creatures vanquished.

Vanquished Creatures (others)
  2 plants (Lair:1)
2 creatures vanquished.

Grand Total: 405 creatures vanquished

Notes
Turn   | Place    | Note
-------+----------+-------------------------------------------
     0 | D:1      | Kagalorn the Minotaur Wanderer began the quest for the Orb.
     0 | D:1      | Kagalorn set off with the following items: a +0 falchion, a
                  | +2 scale mail, a scroll of teleportation, a ration
     0 | D:1      | Reached XP level 1. HP: 22/22 MP: 0/0
    81 | D:1      | Reached skill level 5 in Fighting
   135 | D:1      | Reached XP level 2. HP: 29/29 MP: 1/1
   137 | D:1      | Reached skill level 1 in Dodging
   396 | D:1      | Reached XP level 3. HP: 36/36 MP: 2/2
   525 | D:2      | Found a faded altar of an unknown god.
   622 | D:2      | Found a white marble altar of Elyvilon.
   651 | D:2      | Became a worshipper of Elyvilon the Healer
   857 | D:2      | Reached XP level 4. HP: 33/42 MP: 3/3
  1087 | D:2      | Noticed Jessica
  1091 | D:2      | Killed Jessica
  1424 | D:3      | Noticed Grinder
  1426 | D:3      | Reached * piety under Elyvilon
  1480 | D:4      | Found a staircase to the Ecumenical Temple.
  1489 | Temple   | Entered the Ecumenical Temple
  1564 | D:4      | Found a sand-covered staircase.
  1579 | Ossuary  | Entered an ossuary
  1591 | Ossuary  | Reached XP level 5. HP: 38/50 MP: 4/4
  1598 | Ossuary  | Reached skill level 1 in Axes
  2117 | D:4      | Found a radiant altar of Vehumet.
  2139 | D:4      | Reached ** piety under Elyvilon
  2305 | D:5      | Entered Level 5 of the Dungeon
  2310 | D:5      | Reached skill level 2 in Axes
  2310 | D:5      | Reached skill level 1 in Invocations
  2361 | D:5      | Noticed an ogre
  2370 | D:5      | Killed an ogre
  2370 | D:5      | Reached XP level 6. HP: 6/57 MP: 4/6
  2697 | D:5      | Reached skill level 3 in Axes
  2772 | D:5      | Found an iron altar of Okawaru.
  2775 | D:5      | Found a glowing golden altar of the Shining One.
  2782 | D:5      | Fell from the grace of Elyvilon
  2782 | D:5      | Became a worshipper of the Shining One
  2782 | D:5      | Reached * piety under the Shining One
  2851 | D:5      | Reached skill level 5 in Armour
  2851 | D:5      | Reached XP level 7. HP: 47/64 MP: 7/7
  2985 | D:5      | Reached skill level 4 in Axes
  3123 | D:5      | Found a sparkling altar of Nemelex Xobeh.
  3701 | D:3      | Killed Grinder
  3701 | D:3      | Reached skill level 5 in Axes
  3795 | D:3      | Reached XP level 8. HP: 52/73 MP: 9/9
  4580 | D:6      | Found a sacrificial altar of Ru.
  4744 | D:6      | Reached skill level 6 in Axes
  4748 | D:6      | Reached ** piety under the Shining One
  4863 | D:6      | Reached skill level 5 in Dodging
  5076 | D:7      | Reached skill level 7 in Axes
  5078 | D:7      | Noticed a hippogriff
  5089 | D:7      | Killed a hippogriff
  5089 | D:7      | Reached XP level 9. HP: 50/81 MP: 9/11
  5428 | D:7      | Reached skill level 8 in Axes
  5562 | D:7      | Found a glowing silver altar of Zin.
  5963 | D:8      | Noticed Joseph
  5971 | D:8      | Killed Joseph
  5971 | D:8      | Reached skill level 9 in Axes
  5971 | D:8      | Reached skill level 5 in Invocations
  6086 | D:8      | Reached *** piety under the Shining One
  6275 | D:8      | Noticed Harold
  6319 | D:8      | Killed Harold
  6319 | D:8      | Reached XP level 10. HP: 37/91 MP: 11/13
  6766 | D:9      | Reached skill level 10 in Axes
  6995 | D:9      | Noticed Prince Ribbit
  6995 | D:9      | Reached **** piety under the Shining One
  7009 | D:8      | Killed Prince Ribbit
  7475 | D:9      | Found a basalt altar of Yredelemnul.
  7721 | D:9      | Found a staircase to the Orcish Mines.
  7773 | D:10     | Entered Level 10 of the Dungeon
  7943 | D:10     | Reached skill level 11 in Axes
  8328 | D:11     | Reached XP level 11. HP: 95/99 MP: 14/14
  8368 | D:11     | Reached skill level 10 in Fighting
  8423 | D:11     | Reached ***** piety under the Shining One
  8679 | D:11     | Noticed a centaur warrior
  8686 | D:11     | Killed a centaur warrior
  8713 | D:11     | Found a staircase to the Lair.
  8903 | D:11     | Reached skill level 12 in Axes
  9236 | D:12     | Noticed an eight-headed hydra
  9249 | D:12     | Killed an eight-headed hydra
  9796 | D:12     | Noticed a purple ugly thing
  9796 | D:12     | Noticed an unseen horror
  9805 | D:12     | Killed a purple ugly thing
  9805 | D:12     | Reached skill level 10 in Armour
  9811 | D:12     | Killed an unseen horror
  9849 | D:12     | Noticed Azrael
  9974 | Lair:1   | Entered Level 1 of the Lair of Beasts
 10038 | Lair:1   | Reached skill level 13 in Axes
 10532 | Lair:1   | Reached XP level 12. HP: 49/106 MP: 15/17
 10726 | Lair:1   | Noticed a five-headed hydra
 10761 | Lair:1   | Killed a five-headed hydra
 11978 | Lair:2   | Found a staircase to the Swamp.
 12501 | Lair:3   | Reached skill level 14 in Axes
 12505 | Lair:3   | Reached skill level 10 in Dodging
 12506 | Lair:3   | HP: 4/106 [elephant (9)]
 12509 | Lair:3   | Slain by an elephant

Levels and vault maps discovered:
D:1:      giann_horns, layout_rooms
D:2:      layout_loops_ring, elyvilon_altar_3, chequers_ecumenical_altar_simple,
          uniq_jessica
D:3:      layout_loops_corners, kennysheep_generic_room_5, uniq_grinder
D:4:      layout_rooms, vehumet_crystals, minmay_temple_entry_mist,
          first_ration, lightli_ossuary_entry_decrepit_ruins
D:5:      layout_loops_corners, nemelex_xobeh_ov_fountains_minmay, minitemple,
          nicolae_underground_beach
D:6:      layout_loops_cross, lemuel_doored_altar
D:7:      lemuel_ratsnest, layout_rooms, zin_scriptorium, grunt_ogre_cave
D:8:      wad_crossroads, layout_basic, serial_park_tiny_pond, uniq_harold,
          uniq_joseph
D:9:      layout_gridville, yredelemnul_altar_generic, hiddenorc1_lemuel,
          serial_ice, serial_ice_l, serial_ice_c, serial_ice_o, serial_ice_h,
          serial_ice_e, serial_ice_d, uniq_prince_ribbit1
D:10:     layout_roguey
D:11:     layout_roguey, lair_entry_dummy
D:12:     layout_roguey, uniq_azrael
Temple:   eino_temple_lava
Lair:1:   layout_cave_pods, chequers_serial_rivers_small_3,
          minmay_lair_oklob_chamber, serial_bayou_shore_b, grunt_megastairs_4,
          infiniplex_staircase_pool, lemuel_fruit_tree
Lair:2:   layout_regular_city, skrybe_swamp_entry_bodies, serial_bayou_shore_b
Lair:3:   layout_hall_layers, minmay_snake_entry_six_corridors,
          patterned_corridor

Skill      XL: |  1  2  3  4  5  6  7  8  9 10 11 12 |
---------------+-------------------------------------+-----
Fighting       | 5 6 7 9 10 | 10.0
Dodging        | 1 2 3 4 5 6 7 9 10 | 10.0
Armour         | 3 4 5 6 7 8 10 | 10.0
Axes           | 2 3 5 7 9 11 13 14 | 14.2
Invocations    | 1 2 4 5 6 8 |  8.8
Long Blades    | |  1.2
Bows           | |  1.1
Throwing       | |  2.0

Action                   |  1- 3 |  4- 6 |  7- 9 | 10-12 || total
-------------------------+-------+-------+-------+-------++-------
Melee: Falchion          |    99 |    52 |       |       ||   151
       Headbutt          |    16 |    27 |    51 |    56 ||   150
       Hand axe          |       |    54 |    17 |       ||    71
       War axe           |       |    42 |    87 |       ||   129
       Broad axe         |       |       |   186 |     7 ||   193
       Battleaxe         |       |       |       |   342 ||   342
       Whip              |       |       |       |    26 ||    26
Invok: Divine Shield     |       |       |     1 |       ||     1
Evoke: Wand              |       |       |     1 |     4 ||     5
  Use: Scroll            |       |     1 |    15 |     5 ||    21
       Potion            |       |       |       |     2 ||     2
  Eat: Chunk             |       |     7 |     4 |     9 ||    20
       Ration            |       |       |     2 |     6 ||     8
Armor: Scale mail        |    75 |    73 |   126 |   180 ||   454
Dodge: Dodged            |    52 |   104 |   184 |   323 ||   663
Block: Other             |       |       |     4 |       ||     4
       Rpst.: Falchion   |    18 |    11 |       |       ||    29
